cohdb
Replays
Latest Replays
All Replays
Popular Replays
Top Player Replays
Match Explorer
How It Works
Community
CoH3 Stats
Reddit
Sign in to upload your games and track your stats! →
Sign in with Steam
Match 44075165
Unlisted
Match 44075165
Overview
Messages
Build Orders
End
Kettenkrad Recon Vehicle
Construct Infanterie Kompanie
MG 42 Machine Gun Team
MG 42 Machine Gun Team
Construct Luftwaffe Kompanie
MG 42 Machine Gun Team
Selects Terror Battlegroup
Selects Machine Gun Camouflage
Jäger Squad
Support Elements
Jäger Squad
Wirbelwind Flakpanzer
Jäger Squad
Pioneer Squad
Medical Station
AI Takeover
81° DeathKorps InfantryRegiment
RhumsteaK
King Raptor
SHELDONATOR
Seweryn
大河国窖
Jim
Get Some
0
0
Comments
sign in to comment!
No comments posted yet!